Cogmind - Beta 12 @@@ ROGUE MODE // 2023.07.15 @ 14:23:35 Player: Senator Honkstrong Result: Destroyed self with Rocket Launcher Performance ------------- Evolutions (1) 500 Regions Visited (6) 1200 Robots Destroyed (104) 520 Value Destroyed (2122) 2122 Prototype IDs (33) 660 Alien Tech Used (0) 0 Bonus (138) 138 TOTAL SCORE: 5140 Bonus ------- Follower Combat Kills 60 Aligned with FarCom 300 Friendly Fire -222 Cogmind --------- Core Integrity 0/400 Matter 50/300 Energy 308/310 System Corruption 2% Temperature Cool (2) Movement Walking (190) Ox1 Location -8/Mines Parts ------- > --- POWER (1) -------- Reinforced Fission Core > --- PROPULSION (2) --- Advanced Myomer Leg Advanced Myomer Leg > --- UTILITY (3) ------ High-capacity Storage Unit Armor Integrity Analyzer AS-neutralizer No. 17b > --- WEAPON (3) ------- Assault Rifle Assault Rifle Rocket Launcher > --- INVENTORY (20) --- Heavy Ion Engine Experimental Heat Sink Large Storage Unit Gravity Neutralizer Experimental Sensor Array Experimental Targeting Computer Advanced Weapon Cycler 8R-AWN's Armor/EX Supersonic Drone Bay (1/1) Latent Energy Streamer Assault Rifle 8R-AWN's Boregun 8R-AWN's Boregun Axe Axe Peak State ------------ > --- POWER ------------ Reinforced Fission Core > --- PROPULSION ------- Advanced Myomer Leg Advanced Myomer Leg > --- UTILITY ---------- High-capacity Storage Unit Gravity Neutralizer Armor Integrity Analyzer > --- WEAPON ----------- Latent Energy Streamer Assault Rifle Assault Rifle > --- INVENTORY -------- Heavy Ion Engine Experimental Heat Sink Disposable Heat Sink Large Storage Unit Experimental Sensor Array Experimental Targeting Computer Advanced Weapon Cycler 8R-AWN's Armor/EX Supersonic Drone Bay AS-neutralizer No. 17b Assault Rifle 8R-AWN's Boregun 8R-AWN's Boregun Rocket Launcher Axe Axe [Rating: 55] Favorites ----------- Power Ion Engine Engine Ion Engine Power Core Light Nuclear Core Propulsion Light Treads Treads Light Treads Leg Advanced Myomer Leg Utility Large Storage Unit Device Disposable Heat Sink Storage Large Storage Unit Processor Armor Integrity Analyzer Hackware Hacking Suite Protection Light Armor Plating Weapon Assault Rifle Energy Gun Medium Laser Energy Cannon Beam Cannon Ballistic Gun Assault Rifle Ballistic Cannon Bore Cannon Launcher Mini Grenade Launcher Special Weapon Plasma Cutter Slashing Weapon Axe Build | -11 -10 -10 -9 -9 -9 -8 ------- Run | Jun Mat Min Mat Min Exi Min Slots Evolved 2 | . . . 2 . . . Power . | . . . . . . . Propulsion . | . . . . . . . Utility 1 | . . . 1 . . . Weapon 1 | . . . 1 . . . Parts Attached 76 | 7 14 3 24 6 15 7 Power 6 | 1 1 . 3 . 1 . Engine 4 | 1 1 . 2 . . . Core 2 | . . . 1 . 1 . Reactor . | . . . . . . . Propulsion 12 | 2 2 . 4 1 3 . Treads 10 | 2 2 . 4 1 1 . Leg 2 | . . . . . 2 . Wheel . | . . . . . . . Hover . | . . . . . . . Flight . | . . . . . . . Utility 27 | 2 3 2 9 2 6 3 Device 12 | 1 . 1 3 1 3 3 Storage 4 | 1 1 . 1 . 1 . Processor 2 | . 1 . . . 1 . Hackware 1 | . . . 1 . . . Protection 8 | . 1 1 4 1 1 . Artifact . | . . . . . . . Weapon 31 | 2 8 1 8 3 5 4 Energy Gun 4 | 1 2 . 1 . . . Energy Cannon 4 | . 1 1 1 . . 1 Ballistic Gun 13 | 1 1 . 5 3 1 2 Ballistic Cannon 1 | . . . 1 . . . Launcher 5 | . 4 . . . . 1 Special Weapon 1 | . . . . . 1 . Impact Weapon . | . . . . . . . Slashing Weapon 3 | . . . . . 3 . Piercing Weapon . | . . . . . . . Special Melee Weapon . | . . . . . . . Unidentified Prototypes 8 | . . 1 2 . 5 . Parts Lost 13 | . . . 4 1 7 1 Power 1 | . . . . . 1 . Propulsion 4 | . . . 1 1 2 . Utility 5 | . . . 2 . 2 1 Weapon 3 | . . . 1 . 2 . Highest Loss Streak 4 | . . . 1 1 4 1 To Critical Strikes 2 | . . . . . 2 . Average Slot Usage (%) 98 | . 99 100 97 97 97 94 Engine 11 | . 14 14 9 11 10 . Treads 23 | . 27 28 21 21 20 . Device 1 | . 1 . 4 . . 6 Storage 12 | . 14 14 11 11 11 11 Processor 1 | . 2 . . . 5 11 Hackware 4 | . . . 8 11 4 . Protection 10 | . 9 14 7 10 9 . Energy Gun 2 | . 10 . . . . . Energy Cannon 6 | . 1 13 11 . . 2 Ballistic Gun 18 | . 13 14 14 29 26 20 Ballistic Cannon 1 | . . . 6 . . . Naked Turns . | . . . . . . . Heaviest Build 76 | 14 32 32 47 43 67 76 Greatest Support 60 | 40 40 40 46 46 60 60 Greatest Overweight (x) 2 | . . . 2 . 1 1 Average Overweight (x) . | . . . . . . 1 Largest Inventory Capacity 20 | 8 15 15 20 15 20 20 Average Capacity 14 | 7 10 15 15 15 15 20 Most Carried 20 | 1 14 15 15 15 20 20 Average Carried 12 | . 8 14 14 13 11 17 Final Capacity 20 | 8 15 15 15 15 20 20 Final Carried 20 | . 14 15 15 12 20 17 Class Distribution -------------------- 53% | Mutant 23% | Tank 10% | Gunner 6% | Scavenger-Tank 4% | Scavenger-Mutant Dominant Class ---------------- Mutant | -10/Materials Mutant | -10/Mines Tank | -9/Materials Tank | -9/Mines Tank | -9/Exiles Scavenger-Mutant | -8/Mines Resources | -11 -10 -10 -9 -9 -9 -8 ----------- Run | Jun Mat Min Mat Min Exi Min Matter Collected 2121 | 157 392 263 733 454 100 22 Remotely . | . . . . . . . Salvage Created 3546 | 176 490 913 1149 606 120 92 Parts 235 | 9 48 52 75 36 11 4 Haulers Intercepted 5 | . 2 . 3 . . . Recyclers Shooed 2 | . . 2 . . . . Parts Field Recycled . | . . . . . . . Retrieved Matter . | . . . . . . . Parts Self-Destructed . | . . . . . . . Prevented . | . . . . . . . Kills | -11 -10 -10 -9 -9 -9 -8 ------- Run | Jun Mat Min Mat Min Exi Min Combat Hostiles Destroyed 56 | . 15 2 20 14 1 4 Melee 1 | . . . . . 1 . Guns 30 | . 9 1 4 13 . 3 Cannons 18 | . . 1 16 1 . . AOE 7 | . 6 . . . . 1 Classes Destroyed 13 | 3 5 3 2 . . . Worker 12 | 1 . 6 4 . . 1 Builder 6 | . . 4 2 . . . Tunneler 8 | 3 . 4 . . . 1 Hauler 5 | . 2 . 3 . . . Recycler 10 | 1 . 8 1 . . . Operator 2 | . 1 . 1 . . . Watcher 6 | . 3 . 3 . . . Swarmer 15 | . 9 . 4 . . 2 Grunt 27 | . 6 . 8 11 . 2 Duelist 4 | . . . 1 3 . . Sentry 7 | . . . 7 . . . Demolisher 1 | . . 1 . . . . Assembled 1 | . . 1 . . . . Best Kill Streak 4 | 3 4 4 4 4 1 4 Combat Bots Only 4 | . 3 1 4 4 1 2 Max Kills in Single Turn 3 | 1 3 1 2 2 1 3 Gunslinging 1 | . . . . 1 . . Exploded 3 | . 3 . . . . 1 Melee 1 | . . . . . 1 . Uniques/NPCs Destroyed 1 | . . . . . 1 . 8R-AWN (-9/Exiles) Combat | -11 -10 -10 -9 -9 -9 -8 -------- Run | Jun Mat Min Mat Min Exi Min Damage Taken 3112 | . 320 113 783 717 879 300 Core 411 | . 6 . 109 97 146 53 Absorbed by Shields . | . . . . . . . Core Remaining (%) 98 | 100 . 97 . . . . Volleys Fired 299 | 18 52 77 77 46 14 15 Largest 3 | 2 2 2 3 3 1 3 Hottest 145 | 70 80 80 145 114 20 73 Shots Fired 692 | 36 104 154 223 124 14 37 Gun 458 | 36 97 77 99 119 . 30 Cannon 205 | . . 76 124 5 . . Launcher 15 | . 7 1 . . . 7 Special 14 | . . . . . 14 . Kinetic 441 | 18 51 77 146 119 . 30 Thermal 236 | 18 46 76 77 5 14 . Explosive 15 | . 7 1 . . . 7 Electromagnetic . | . . . . . . . Robot Hit Streak 14 | 8 10 7 12 11 14 5 Robot Miss Streak 6 | 6 2 4 6 4 1 2 Penetration Max . | . . . . . . . Secondary Targets 3 | . . . . 3 . . Max Gunslinging Chain 1 | . . . . 1 . . Shots Hit Robots 386 | 17 61 79 100 74 33 22 Core Hits 175 | 7 37 36 49 26 8 12 Critical Kills 4 | . . . 3 1 . . Critical Parts Destroyed 8 | . . . 8 . . . Critical Strikes 17 | . 5 . 11 1 . . Burn 5 | . 5 . . . . . Destroy 12 | . . . 11 1 . . Melee Attacks 21 | . . . . . 21 . Impact . | . . . . . . . Slashing 21 | . . . . . 21 . Piercing . | . . . . . . . Sneak Attacks 1 | . . . . . 1 . Combat Hostiles . | . . . . . . . Follow-up Attacks 3 | . . . . . 3 . Damage Inflicted 6771 | 171 961 1049 2000 1058 814 718 Guns 2814 | 171 618 326 479 953 . 267 Cannons 2097 | . . 694 1298 105 . . Explosions 1035 | . 340 28 216 . . 451 Melee 682 | . . . . . 682 . Ramming 11 | . 3 1 7 . . . Kinetic 2739 | 58 225 326 910 953 . 267 Thermal 2520 | 113 393 694 1083 105 132 . Explosive 819 | . 340 28 . . . 451 Electromagnetic . | . . . . . . . Impact . | . . . . . . . Slashing 682 | . . . . . 682 . Piercing . | . . . . . . . Highest Corruption 2 | . . . 2 2 2 2 Average Corruption 2 | . . . 2 2 2 2 Corruption Purged . | . . . . . . . Corruption Blocked . | . . . . . . . Effects 42 | . . . 17 15 9 1 Message Errors 8 | . . . 3 2 3 . Matter Fused 10 | . . . 3 4 3 . Heat Flow Errors 7 | . . . 2 5 . . Energy Discharges 3 | . . . 2 . 1 . Parts Rejected 1 | . . . . 1 . . Data Loss (minor) 3 | . . . 3 . . . Data Loss (major) 1 | . . . 1 . . . Misfires 4 | . . . 2 2 . . Alerts 3 | . . . . . 2 1 Weapon Failures 2 | . . . 1 1 . . Overload Shots . | . . . . . . . Overflow Damage 69 | . 8 27 34 . . . Projectiles 27 | . . 27 . . . . Explosions 42 | . 8 . 34 . . . Melee . | . . . . . . . Knockbacks 6 | . . . 6 . . . Impact . | . . . . . . . Kinetic 6 | . . . 6 . . . Secondary . | . . . . . . . Self-Inflicted Damage 112 | . 49 15 . . . 48 Shots 5 | . 3 1 . . . 1 Rammed 3 | . 1 1 1 . . . Targets Rammed 4 | . 1 1 2 . . . Kicked . | . . . . . . . Crushed 1 | . . . 1 . . . Highest Temperature 521 | 150 184 266 521 343 . 132 Average Temperature 100 | 61 42 88 144 82 . 88 Received Heat Transfer 783 | . 72 . 306 279 . 126 Effects 12 | . . 1 9 2 . . Shutdowns 3 | . . . 3 . . . Energy Bleed 3 | . . 1 2 . . . Interference 4 | . . . 3 1 . . Matter Decay 1 | . . . 1 . . . Short Circuit 1 | . . . . 1 . . Siege Activations . | . . . . . . . Robots Corrupted . | . . . . . . . Combat Hostiles . | . . . . . . . Parts Fried . | . . . . . . . Impact Corruptions . | . . . . . . . Robots Melted . | . . . . . . . Combat Hostiles . | . . . . . . . Parts Melted 4 | . 2 2 . . . . Heat Transferred 5447 | 333 1554 1443 1815 185 117 . Parts Sabotaged . | . . . . . . . Parts Stolen . | . . . . . . . Parts Stripped . | . . . . . . . Power Chain Reactions . | . . . . . . . Missiles Intercepted . | . . . . . . . Alert | -11 -10 -10 -9 -9 -9 -8 ------- Run | Jun Mat Min Mat Min Exi Min Peak Influence 354 | 25 354 101 331 222 . 156 Initial 63 | . 16 63 3 7 . . Average 110 | 8 159 29 167 102 . 42 Maximum Alert Level 1 | . 1 . 1 1 . . Low Security (%) 77 | 100 61 100 56 92 . 100 Level 1 22 | . 38 . 43 7 . . Level 2 . | . . . . . . . Level 3 . | . . . . . . . Level 4 . | . . . . . . . Level 5 . | . . . . . . . High Security . | . . . . . . . Max Security . | . . . . . . . Squads Dispatched 3 | . 2 . 1 . . . Investigation . | . . . . . . . Extermination . | . . . . . . . Reinforcement 3 | . 2 . 1 . . . Assault . | . . . . . . . Garrison . | . . . . . . . Intercept . | . . . . . . . Searches Triggered . | . . . . . . . Construction Impeded . | . . . . . . . Haulers Reinforced . | . . . . . . . Active Scanning Responses . | . . . . . . . Cargo Convoy Interrupts . | . . . . . . . Stealth | -11 -10 -10 -9 -9 -9 -8 --------- Run | Jun Mat Min Mat Min Exi Min Distress Signals 4 | . . . 4 . . . Communications Jammed . | . . . . . . . Distress Signals . | . . . . . . . Times Spotted 85 | . 26 2 33 17 1 6 Peak Tracking Total 5 | . 5 1 4 4 2 3 Tactical Retreats 7 | . 3 . 2 1 . 1 Traps | -11 -10 -10 -9 -9 -9 -8 ------- Run | Jun Mat Min Mat Min Exi Min Traps Triggered 1 | . 1 . . . . . Indirectly . | . . . . . . . Trap Hack Attempts . | . . . . . . . Triggered . | . . . . . . . Disarmed . | . . . . . . . Reprogrammed . | . . . . . . . Reused . | . . . . . . . Traps Extracted . | . . . . . . . Installed . | . . . . . . . Triggered . | . . . . . . . Machines | -11 -10 -10 -9 -9 -9 -8 ---------- Run | Jun Mat Min Mat Min Exi Min Machines Disabled 12 | . 4 . 6 1 . 1 Max in Single Turn 2 | . 2 . 2 . . 1 Machines Repaired . | . . . . . . . Machines Sabotaged . | . . . . . . . Overloaded Fab Kills . | . . . . . . . Hacking | -11 -10 -10 -9 -9 -9 -8 --------- Run | Jun Mat Min Mat Min Exi Min Machines Accessed 12 | . 7 . 3 . 1 1 Terminals 10 | . 6 . 3 . . 1 Fabricators . | . . . . . . . Repair Stations . | . . . . . . . Recycling Units 1 | . 1 . . . . . Scanalyzers . | . . . . . . . Garrison Access . | . . . . . . . Total Hacks 34 | . 19 . 12 . 1 2 Successful 18 | . 8 . 8 . 1 1 Failed 15 | . 11 . 3 . . 1 Catastrophic 3 | . 3 . . . . . Database Lockouts 1 | . . . 1 . . . Manual 21 | . 9 . 9 . 1 2 Terminals 32 | . 18 . 12 . . 2 Fabricators . | . . . . . . . Repair Stations . | . . . . . . . Recycling Units 1 | . 1 . . . . . Scanalyzers . | . . . . . . . Garrison Access . | . . . . . . . Terminal Hacks 12 | . 4 . 6 . 1 1 Robot Analysis 6 | . 2 . 3 . . 1 Prototype ID Bank 1 | . 1 . . . . . Unreport Threat 3 | . . . 3 . . . Locate Traps 1 | . 1 . . . . . EX-Prototype ID Bank 1 | . . . . . 1 . Fabricator Hacks . | . . . . . . . Repair Station Hacks . | . . . . . . . Recycling Unit Hacks 1 | . 1 . . . . . Retrieve Components 1 | . 1 . . . . . Scanalyzer . | . . . . . . . Garrison Access Hacks . | . . . . . . . Unauthorized Hacks 5 | . 3 . 2 . . . Terminals 5 | . 3 . 2 . . . Botnet 5 | . 3 . 2 . . . Fabricators . | . . . . . . . Repair Stations . | . . . . . . . Recycling Units . | . . . . . . . Scanalyzers . | . . . . . . . Garrison Access . | . . . . . . . Data Cores Recovered 1 | . . . 1 . . . Used . | . . . . . . . Hacking Detections 10 | . 6 . 3 . . 1 Full Trace Events . | . . . . . . . Feedback Events . | . . . . . . . Feedback Blocked . | . . . . . . . Robot Schematics Acquired . | . . . . . . . Robots Built . | . . . . . . . Authchips . | . . . . . . . Time . | . . . . . . . Total Robot Build Rating . | . . . . . . . Part Schematics Acquired . | . . . . . . . Parts Built . | . . . . . . . Authchips . | . . . . . . . Time . | . . . . . . . Total Part Build Rating . | . . . . . . . Parts Repaired . | . . . . . . . Time . | . . . . . . . Parts Recycled . | . . . . . . . Recycled Matter . | . . . . . . . Retrieved Matter . | . . . . . . . Retrieved Components 9 | . 9 . . . . . Parts Scanalyzed . | . . . . . . . Part Schematics Acquired . | . . . . . . . Parts Damaged . | . . . . . . . Bothacking | -11 -10 -10 -9 -9 -9 -8 ------------ Run | Jun Mat Min Mat Min Exi Min Used RIF Installer . | . . . . . . . Robots Hacked . | . . . . . . . Non-combat . | . . . . . . . Combat . | . . . . . . . Robot Hacks Applied . | . . . . . . . Relay Couplers Released . | . . . . . . . Fabnet Peak Effective % . | . . . . . . . Robots Rewired . | . . . . . . . Allies Hacked . | . . . . . . . Hacks Repelled . | . . . . . . . Allies | -11 -10 -10 -9 -9 -9 -8 -------- Run | Jun Mat Min Mat Min Exi Min Total Allies 1 | . . . . 1 . . Largest Group 1 | . . . . 1 . . Highest-Rated Group 31 | . . . . 31 . . Highest-Rated Ally 31 | . . . . 31 . . Total Orders . | . . . . . . . Ally Attacks 7 | . . . . 7 . . Total Damage 127 | . . . . 127 . . Kills 2 | . . . . 2 . . Allies Corrupted . | . . . . . . . Allies Melted . | . . . . . . . Intel | -11 -10 -10 -9 -9 -9 -8 ------- Run | Jun Mat Min Mat Min Exi Min Robot Analysis Total 6 | . 2 . 3 . . 1 Derelict Logs Recovered 2 | . . 1 . 1 . . Drone Launches . | . . . . . . . Drone Recoveries . | . . . . . . . Exploration | -11 -10 -10 -9 -9 -9 -8 ------------- Run | Jun Mat Min Mat Min Exi Min Turns Passed 7077 | 139 1571 1675 1621 1009 925 137 Spaces Moved 3400 | 52 801 874 625 515 489 44 Core 4 | 4 . . . . . . Treads 3324 | 48 801 874 625 515 461 . Legs 72 | . . . . . 28 44 Wheels . | . . . . . . . Hover . | . . . . . . . Flight . | . . . . . . . Fastest Speed 50 | 50 160 160 160 160 120 190 Average Speed 167 | 151 160 160 199 160 161 190 Slowest Speed 320 | 160 160 160 320 160 240 190 Overloaded Moves . | . . . . . . . Propulsion Burnouts . | . . . . . . . Robots Hopped . | . . . . . . . Cave-ins Triggered . | . . . . . . . Exploration Rate (%) 60 | 4 94 100 44 98 63 20 Regions Visited 6 Branch Regions 4 Pre-discovered Areas . | . . . . . . . Known Exits Taken 1 | . . . . 1 . . Unknown Exits Taken 5 | 1 1 1 1 . 1 . Scrap Searched 3 | . . 2 . 1 . . Spaces Dug 27 | . 27 . . . . . Terrain Destroyed 142 | . 43 13 53 . . 33 Melee . | . . . . . . . Projectile 23 | . . . 23 . . . AOE 119 | . 43 13 30 . . 33 Terrain Rammed . | . . . . . . . Walls Destroyed . | . . . . . . . Machines Disabled . | . . . . . . . Actions | -11 -10 -10 -9 -9 -9 -8 --------- Run | Jun Mat Min Mat Min Exi Min Total 4172 | 77 997 1012 842 601 576 67 Wait 274 | . 100 50 85 33 6 . Move 3394 | 51 800 873 624 514 488 44 Hop . | . . . . . . . Pick Up 60 | 1 21 4 13 1 20 . Fast Attach 17 | 6 1 1 6 . 3 . Attach 23 | 1 2 . 5 3 8 4 Detach 5 | . . . . . 4 1 Swap 36 | . 11 2 13 3 4 3 Drop 43 | . 9 4 17 1 12 . Fire 299 | 18 52 77 77 46 14 15 Melee 17 | . . . . . 17 . Ram . | . . . . . . . Kick . | . . . . . . . Crush 4 | . 1 1 2 . . . Escape Stasis . | . . . . . . . Rewire . | . . . . . . . Trap . | . . . . . . . Miscellaneous . | . . . . . . . Route ------- -11/Junkyard -10/Materials (discovered 4 exits: *Mat x3 / [*Min]) -10/Mines (discovered 2 exits: *Mat x2) -9/Materials (discovered 2 exits: [*Mat] / [*Min]) -9/Mines (discovered 3 exits: [*Mat x2] / *Exi) -9/Exiles -8/Mines History --------- Turn | Location | Event 9 | -11/Junkyard | Discovered new exit (range 15) 140 | -11/Junkyard | Entered Materials 298 | -10/Materials | Discovered new exit (range 12) 304 | -10/Materials | Build established: Mutant 664 | -10/Materials | Discovered new exit (range 16) 1020 | -10/Materials | Discovered new exit (range 16) 1515 | -10/Materials | Discovered new exit (range 8) 1711 | -10/Materials | Entered Mines 1716 | -10/Mines | Assembled infested the area 1721 | -10/Mines | Assisted by a Guerilla fighting off Assembled 2108 | -10/Mines | Found a damaged Exp. Sensor Array with a note attached 2112 | -10/Mines | Found Prototype Device 2112 | -10/Mines | Identified Exp. Sensor Array 2216 | -10/Mines | Received a Rocket Launcher from a helpful Derelict 2398 | -10/Mines | Discovered new exit (range 7) 2457 | -10/Mines | Learned Materials garrison access intel 2470 | -10/Mines | Discovered new exit (range 3) 3386 | -10/Mines | Entered Materials 3386 | -9/Materials | Evolved 2 slots: Utility x1, Weapon x1 3823 | -9/Materials | Central database locked down 3981 | -9/Materials | Discovered new exit (range 14) 4760 | -9/Materials | Discovered new exit (range 6) 4797 | -9/Materials | Build established: Gunner 5007 | -9/Materials | Entered Mines 5019 | -9/Mines | Met a Derelict bent on vengeance 5212 | -9/Mines | Discovered new exit (range 8) 5372 | -9/Mines | Core integrity fell below 50% 5615 | -9/Mines | Build established: Tank 5626 | -9/Mines | Discovered new exit (range 7) 5629 | -9/Mines | Received a Mining Laser from a helpful Derelict 5815 | -9/Mines | Identified exit to Exiles 6010 | -9/Mines | Deemed a non-threat by the Exiles lab entrance 6016 | -9/Mines | Entered Exiles 6103 | -9/Exiles | Met 8R-AWN 6133 | -9/Exiles | Met EX-HEX 6194 | -9/Exiles | Met EX-DEC 6378 | -9/Exiles | Met EX-BIN 6516 | -9/Exiles | Aligned with FarCom system 6517 | -9/Exiles | Given EX-Vault access code 6564 | -9/Exiles | Opened EX-Vault 6575 | -9/Exiles | Found Supersonic Drone Bay 6578 | -9/Exiles | Found Latent Energy Streamer 6615 | -9/Exiles | Warned to stay clear of 0b10 Research branches 6631 | -9/Exiles | Exiles lab attacked by MAIN.C 6746 | -9/Exiles | Build established: Gunner 6781 | -9/Exiles | Attacked by the Exiles 6844 | -9/Exiles | Core integrity fell below 20% 6847 | -9/Exiles | Lost 3 parts (1n1u1w) 6868 | -9/Exiles | Destroyed 8R-AWN 6877 | -9/Exiles | Found Prototype Ballistic Gun 6879 | -9/Exiles | Found Prototype Device 6889 | -9/Exiles | Found Prototype Ballistic Gun 6898 | -9/Exiles | Found Prototype Processor 6899 | -9/Exiles | Lost 4 parts (1p1n1u1w) 6901 | -9/Exiles | Found Prototype Protection 6920 | -9/Exiles | Discovered new exit (range 10) 6937 | -9/Exiles | Identified 8R-AWN's Boregun (x2) 6940 | -9/Exiles | Identified AS-neutralizer No. 17b 6941 | -9/Exiles | Stole two prototypes: Supersonic Drone Bay, Latent Energy Streamer 6941 | -9/Exiles | Entered Mines 7078 | -8/Mines | Destroyed self with Rocket Launcher Last Messages --------------- 06989_ G-47 Trooper destroyed. 06991_ K-01 Serf collects debris. 06998_ Disposable Heat Sink destroyed. 06999_ The unstable cave ceiling collapses. 07006_ U-05 Engineer lays Concrete. 07013_ R-06 Scavenger collects Lgt. Nuclear Core. 07014_ Destroyed Lgt. Angular Momentum Engine. 07020_ G-50 Soldier destroyed. 07024_ K-01 Serf cleans the Plasma Injector. 07026_ K-01 Serf collects debris. 07028_ Acquired 22 matter. 07029_ K-01 Serf cleans the Plasma Injector. 07030_ The unstable cave ceiling collapses. 07032_ K-01 Serf cleans the Plasma Injector. 07034_ The unstable cave ceiling collapses. 07041_ T-07 Excavator is excavating. 07064_ System corrupted: IFF burst signal emitted. 07072_ S-10 Pest destroyed. 07072_ K-01 Serf destroyed. 07078_ S-10 Pest destroyed. Map ----- +----------------------------------------------------+ | ?????????????????????????????????????????????????? | | ?????????????????????????????????????????????????? | | ?????????????????????????????????????????????????? | | ?????????????????????????????????????????????????? | | ?????????????????????????????????????????????????? | | ?????????????????????????????????????????????????? | | ?????????????????????????????????????????????????? | | ?????????????????????????????????????????????????? | | ?????????????????????????????????????????????????? | | ?????????????????????????????????????????????????? | | ?????????????????????????????????????????????????? | | ??????????????????????t??????????##??????????????? | | ??????????????????????# ?????????# ??????????????? | | ??????????????????????# ?????????# ?????????????? | | ??????????????????????# ?????????# ##???????????? | | ??????????????????????# ?????## ##?????????? | | ??????????????????????# ####?# #?????????? | | ???????????????????????% ## ##?####???? | | ??????????????????????? = =? """ ## ???? | | ??????????????????????? #??# """ ????? | | ???????????????????????# ???# ?????? | | ???????????????????????# ##???# % ??????# | | ??????????????????????## #???# # #??????# | | ??????????????????????# #????## ######## | | ??????????????????????? #????### | | ????????????????????????#@ ????## | | ????????????????????????# ???## ## ###### | | ???????????????????????## #### ### #????# | | ???????????????????????# = ###?# #????# | | ???????????????????????# #???# #????# | | ???????????????????????# # #???# #????? | | ???????????????????????## ## ### #???# #????? | | ????????????????????????###### ##?# #???# ????? | | ?????????????????????????????####??# #??? ????? | | ???????????????????????????????????# #??? ""????? | | ???????????????????????????????????# ??? ""????? | | ???????????????????????????????????####??? ""????? | | ?????????????????????????????????????????? ????? | | ?????????????????????????????????????????? ??????? | | ??????????????????????????????????????????#??????? | | ?????????????????????????????????????????????????? | | ?????????????????????????????????????????????????? | | ?????????????????????????????????????????????????? | | ?????????????????????????????????????????????????? | | ?????????????????????????????????????????????????? | | ?????????????????????????????????????????????????? | | ?????????????????????????????????????????????????? | | ?????????????????????????????????????????????????? | | ?????????????????????????????????????????????????? | | | +----------------------------------------------------+ Best States ------------- Heat Dissipation 28 Coolant Potential 50 Energy Generation 19 Energy Capacity 310 Matter Stores 300 Matter Capacity 300 Sight Range 16 Terrain Scan Range 16 Terrain Scan Density 10 Armor Coverage 150 Evasion (%) 45 Targeting Accuracy 5 Armor Integrity Analysis 30 Recoil Reduction 2 Offensive Hacking 10 Item Schematics ----------------- None Robot Schematics ------------------ None Fabricated ------------ Nothing Alien Tech Used ----------------- None Achievements -------------- None Challenges ------------ None Game ------ Seed DefenseLinearCore Manual? 0 Play Time 00:48:59 Cumulative 43.7 hours Start 2023.07.15 @ 12:42:01 End 2023.07.15 @ 14:23:35 Sessions 3 Manual Loads 0 Difficulty Rogue Special Mode None Game No. 35 Rogue 35 Adventurer 0 Explorer 0 Win Type - Total 0 Types 0/0/0/0/0/0/0/0/0 Lore% 28 Gallery% 33 Achievement% 30 Wizard Run 0 Options --------- ASCII 0 Keyboard 0 Movement Mouse Keybinds 0 Fullscreen 1 Font 18/SmallcapsGlow Map View 76x50 Tactical HUD 1 Map Filters NONE Filters NONE Steam X RUN: ff21cb69-8cd5-468e-915a-9400bc6b1a48